 Dungeon Crawl Stone Soup version 0.30-a0-371-gad7725a93e (webtiles) character file.

Game seed: 898548923308076347

111 purpskrrrp the Shooter (level 4, 0/25 HPs)
             Began as a Deep Elf Hunter on Nov 22, 2022.
             Was a Follower of Wu Jian.
             Slain by a phantom (7 damage)
             ... on level 4 of the Dungeon.
             The game lasted 00:07:35 (3402 turns).

purpskrrrp the Shooter (Deep Elf Hunter)            Turns: 3402, Time: 00:07:35

Health: 0/25       AC:  5    Str:  8    XL:     4   Next: 62%
Magic:  9/9        EV: 12    Int: 16    God:    Wu Jian [*.....]
Gold:   230        SH:  0    Dex: 18    Spells: 7/7 levels left

rFire   + . .      SeeInvis .    s - +2 dagger (venom)
rCold   . . .      Faith    .    (no shield)
rNeg    . . .      Spirit   .    c - +2 leather armour
rPois   .          Reflect  .    (no helmet)
rElec   .          Harm     .    (no cloak)
rCorr   .          Rampage  .    (no gloves)
Will    .....                    (no boots)
Stlth   ++........               (no amulet)
HPRegen 0.24/turn                h - ring of protection from fire
MPRegen 0.11/turn                (no ring)

@: no status effects
A: no striking features
a: Renounce Religion


You were on level 4 of the Dungeon.
You worshipped Wu Jian.
Wu Jian was aware of your devotion.
You visited 1 branch of the dungeon, and saw 4 of its levels.

You collected 230 gold pieces.

Inventory:

Hand Weapons
 a - a +1 shortbow
 n - a +3 dagger
 p - the +2 trident "Moreh" {vorpal, Drain Dex+6}
   (You found it on level 3 of the Dungeon)

   It inflicts extra damage upon your enemies.
   Dex:       It affects your dexterity (+6).
   Drain:     It drains your maximum health when unequipped.
 s - a +2 dagger of venom (weapon)
Armour
 c - a +2 leather armour (worn)
Magical Staves
 d - a staff of death
Jewellery
 h - a ring of protection from fire (left hand)
Scrolls
 b - 5 scrolls of immolation
 f - a scroll of vulnerability {unknown}
 k - a scroll of blinking
 r - a scroll of teleportation
Potions
 e - 3 potions of attraction
 g - a potion of haste {unknown}
 i - 5 potions of curing {unknown}
 j - 2 potions of heal wounds {unknown}


   Skills:
 - Level 1.5 Fighting
 + Level 0.4 Short Blades
 - Level 6.0 Ranged Weapons
 - Level 2.4 Dodging
 * Level 2.3 Stealth
 + Level 2.3 Spellcasting
 + Level 2.1 Necromancy
 + Level 1.9 Evocations


You had 7 spell levels left.
You didn't know any spells.
Your spell library contained the following spells:

 Spells                   Type           Power      Damage    Failure   Level
 Kiss of Death            Conj/Necr      20%        2d7       19%         1
 Confusing Touch          Hex            1%         N/A       65%         3
 Dispel Undead            Necr           8%         3d8       75%         4


Dungeon Overview and Level Annotations

Branches:
Dungeon (4/15)
 Temple: D:4-7

Altars:
Wu Jian

Annotations:
D:3 1 runed translucent door, Crazy Yiuf


Message History

You miss the phantom.
The phantom is lightly damaged.
The phantom hits you.
You closely miss the phantom.
The phantom is lightly damaged.
The phantom barely misses you.
You hit the phantom.
The phantom is moderately damaged.
The phantom hits you!
The phantom blinks!
You blink.
You are too injured to fight recklessly!
You are too injured to fight recklessly!
You are too injured to fight recklessly!
You are too injured to fight recklessly!
You are too injured to fight recklessly!
You are too injured to fight recklessly!
You are too injured to fight recklessly!
You are too injured to fight recklessly!
You are too injured to fight recklessly!
You are too injured to fight recklessly!
You are too injured to fight recklessly!
You are too injured to fight recklessly!
You are too injured to fight recklessly!
You are too injured to fight recklessly!
You are too injured to fight recklessly!
You are too injured to fight recklessly!
You are too injured to fight recklessly!
You are too injured to fight recklessly!
You are too injured to fight recklessly!
You are too injured to fight recklessly!
You are too injured to fight recklessly!
You are too injured to fight recklessly!
You are too injured to fight recklessly!
You barely miss the phantom.
The phantom is moderately damaged.
The phantom hits you.
* * * LOW HITPOINT WARNING * * *
You hit the phantom but do no damage.
The phantom is moderately damaged.
The phantom hits you!
You die...

#...............#
#......#.#....###
######....#...#^.ยง.#
.)........#........# ##
#####....................#
#....................#
#....................+
######.#....#..###........#
...........>....@W........#
#######...###..###..#######
#.........#... ......
######..).#.# ## ####
#.........#.# ##.###....# #
#.# #......# #.# ###..###.#
#.# #..# #.#


You could see a phantom.

Vanquished Creatures
  An adder (D:3)
  2 gnolls (D:2)
  A worm (D:2)
  2 orcs
  6 ball pythons
  5 bats
  6 endoplasms
  5 giant cockroaches
  8 goblins
  12 hobgoblins
  A jackal (D:1)
  6 kobolds
  3 quokkas
  3 frilled lizards
  7 rats
68 creatures vanquished.

Notes
Turn   | Place    | Note
-------+----------+-------------------------------------------
     0 | D:1      | purpskrrrp the Deep Elf Hunter began the quest for the Orb.
     0 | D:1      | Reached XP level 1. HP: 12/12 MP: 3/3
   353 | D:1      | Reached XP level 2. HP: 8/16 MP: 3/5
   390 | D:1      | Reached skill level 1 in Spellcasting
   575 | D:1      | Reached skill level 1 in Necromancy
   600 | D:1      | Reached skill level 1 in Evocations
   707 | D:1      | Reached XP level 3. HP: 14/20 MP: 7/7
  1032 | D:2      | Found a faded altar of an unknown god.
  1185 | D:2      | You fall into a shaft and drop 2 floors!
  1586 | D:3      | Found a runed translucent door.
  1587 | D:3      | Noticed Crazy Yiuf
  1631 | D:3      | Identified the +2 trident "Moreh" {vorpal, Drain Dex+6}
  1812 | D:2      | Prayed at the altar of an unknown god.
  1812 | D:2      | Became a worshipper of the Wu Jian Council
  1812 | D:2      | Reached * piety under Wu Jian
  1855 | D:2      | Reached skill level 6 in Ranged Weapons
  1960 | D:3      | Reached XP level 4. HP: 14/25 MP: 9/9
  3361 | D:4      | Noticed a phantom
  3402 | D:4      | Slain by a phantom

Illustrated notes

Levels and vault maps discovered:
D:1:      nicolae_arrival_washed_ashore, layout_basic, minmay_nonomino_d4
D:2:      layout_loops_ring, chequers_ecumenical_altar_simple_redux
D:3:      layout_rooms, uniq_crazy_yiuf_cottage
D:4:      layout_basic, uniq_edmund

Skill      XL: |  1  2  3  4 |
---------------+-------------+-----
Spellcasting   | 1 2 |  2.3
Necromancy     | 1 2 |  2.1
Evocations     | 1 |  1.9
Ranged Weapons | 6 |  6.0
Stealth        | 2 |  2.3
Fighting       | |  1.5
Short Blades   | |  0.4
Dodging        | |  2.4

Action                   |  1- 3 |  4- 6 || total
-------------------------+-------+-------++-------
Melee: Staff             |    10 |     6 ||    16
       Dagger            |    21 |    62 ||    83
 Fire: Shortbow          |   108 |       ||   108
Invok: Lunge             |     3 |     8 ||    11
  Use: Scroll            |     5 |     6 ||    11
 Stab: Sleeping          |     1 |     1 ||     2
Armor: Leather armour    |    25 |    13 ||    38
Dodge: Dodged            |    74 |    23 ||    97

Table legend: (Time is in decaauts)
 A = Elapsed time spent in this place.
 B = Non-inter-level travel time spent in this place.
 C = Inter-level travel time spent in this place.
 D = Time resting spent in this place.
 E = Time spent auto-exploring this place.
 F = Levels seen in this place.
 G = Mean time per level.
                   A        B        C        D        E       F      G
               +--------+--------+--------+--------+--------+-----+--------+
         Total |   3437 |   3138 |    299 |    134 |   2326 |   4 |  859.2 |
       Dungeon |   3437 |   3138 |    299 |    134 |   2326 |   4 |  859.2 |
               +--------+--------+--------+--------+--------+-----+--------+

Top non-repeatable levels by time:
     D:1: 1143 daAuts
     D:2: 949 daAuts
     D:3: 886 daAuts
     D:4: 457 daAuts
